 Dungeon Crawl Stone Soup version 0.29-a0-380-gf50f0a9fbc (webtiles) character file.

Game seed: 4709971190824452646

78 happo123 the Ruffian (level 4, 0/44 HPs)
             Began as a Troll Berserker on May 5, 2022.
             Was a Believer of Trog.
             Slain by an orc wizard
             ... wielding a +0 dagger
              (2 damage)
             ... on level 3 of the Dungeon.
             The game lasted 00:06:13 (1603 turns).

happo123 the Ruffian (Troll Berserker)              Turns: 1603, Time: 00:06:14

Health: 0/44       AC:  4    Str: 27    XL:     4   Next: 15%
Magic:  3/3        EV: 10    Int:  3    God:    Trog [**....]
Gold:   60         SH:  0    Dex:  9    Spells: 3/3 levels left

rFire   . . .      SeeInvis .     - Unarmed
rCold   . . .      Faith    .   (no shield)
rNeg    . . .      Spirit   .   a - +0 animal skin
rPois   .          Reflect  .   (helmet restricted)
rElec   .          Harm     .   (no cloak)
rCorr   .          Rampage  .   (gloves unavailable)
Will    .....                   (boots unavailable)
Stlth   +.........              (no amulet)
HPRegen 0.94/turn               (no ring)
MPRegen 0.08/turn               (no ring)

@: about to teleport, on berserk cooldown, slowed, very slow
A: large, unfitting armour, claws 3, regeneration 1, shaggy fur 1, tough skin 1
a: Renounce Religion, Berserk, Trog's Hand


You were on level 3 of the Dungeon.
You worshipped Trog.
Trog was pleased with you.
You visited 1 branch of the dungeon, and saw 3 of its levels.

You collected 60 gold pieces.

Inventory:

Hand Weapons
 j - a +0 arbalest
Armour
 a - a +0 animal skin (worn)
 d - an orb of guile
Scrolls
 c - a scroll of teleportation
 f - 5 scrolls of identify {unknown}
 g - a scroll of fear {unknown}
 m - 3 scrolls of poison {unknown}
Potions
 b - a potion of curing {unknown}
 h - a potion of lignification {unknown}
 i - a potion of invisibility {unknown}
 k - a potion of cancellation {unknown}
 l - 2 potions of heal wounds {unknown}
 n - 2 potions of mutation {unknown}


   Skills:
 + Level 2.8 Fighting
 + Level 3.0 Dodging
 + Level 0.1 Stealth
 + Level 4.0 Unarmed Combat


You had 3 spell levels left.
You didn't know any spells.
Your spell library was empty.

Dungeon Overview and Level Annotations

Branches:
Dungeon (3/15)

Altars:

Shops:
D:1 :


Innate Abilities, Weirdness & Mutations

You are too large for most types of armour.
You have claws for hands.
Your natural rate of healing is unusually fast.
You are covered in fur. (AC +1)
You have tough skin. (AC +1)


Message History

You are confused.
The orc wizard hits you with a +0 dagger.
You bump into the rock wall.
You miss the orc wizard.
The orc wizard gestures wildly while chanting.
The orc wizard flickers and vanishes!
Something hits you but does no damage. The orc closely misses you.
You bump into the rock wall.
You feel a strong urge to attack something.
You're too confused to move!
You are no longer berserk.
You are exhausted.
You feel yourself slow down. The orc misses you.
You miss something. Something hits you but does no damage. Something hits you.
The orc hits you from afar with a +0 trident!
You miss something. Your claw misses something. Something hits you. x2
The orc hits you from afar with a +0 trident.
Something hits you. x2; The orc hits you but does no damage.
You bump into the rock wall.
You feel less confused. Something hits you. x2
The orc hits you from afar with a +0 trident.
You barely miss something. Something hits you but does no damage.
Something hits you.
The orc hits you from afar with a +0 trident.
* * * LOW HITPOINT WARNING * * *
Something hits you but does no damage. Something hits you.
* * * LOW HITPOINT WARNING * * *
The orc hits you from afar with a +0 trident.
* * * LOW HITPOINT WARNING * * *
As you read the scroll labelled HOMOOKH AGGA, it crumbles to dust.
You feel strangely unstable.
It was a scroll of teleportation.
Something hits you.
* * * LOW HITPOINT WARNING * * *
Something hits you.
* * * LOW HITPOINT WARNING * * *
The orc misses you.
As you read the scroll labelled FECKUC IZ BAUN, it crumbles to dust.
The scroll dissolves into smoke.
It was a scroll of fog.
Something hits you.
You die...

#. #...#...#..
$.#$.... .#.. #
.#...#...... #.
........#..#
#..#..........#
##......#...#..#
......oo§......
###{#...# #
#§@{§.###..#
###§§......#
###.####..
######'#######
#.............
#.........####
#.........#
#.........#
#............


You could see an orc.

Vanquished Creatures
  Natasha (D:3)
  An orc (D:3)
  4 ball pythons
  8 bats
  7 endoplasms
  2 giant cockroaches
  3 hobgoblins
  4 jackals (D:1)
  2 quokkas (D:2)
  2 frilled lizards (D:1)
  4 goblins
  8 kobolds
  5 rats (D:1)
51 creatures vanquished.

Notes
Turn   | Place    | Note
-------+----------+-------------------------------------------
     0 | D:1      | happo123 the Troll Berserker began the quest for the Orb.
     0 | D:1      | Reached XP level 1. HP: 22/22 MP: 0/0
   201 | D:1      | Reached XP level 2. HP: 29/29 MP: 1/1
   380 | D:1      | Found Neklopt's Book Boutique.
  1050 | D:2      | Reached ** piety under Trog
  1066 | D:2      | Reached XP level 3. HP: 36/36 MP: 2/2
  1520 | D:3      | Noticed Natasha
  1528 | D:3      | Killed Natasha
  1529 | D:3      | Reached skill level 4 in Unarmed Combat
  1529 | D:3      | Reached XP level 4. HP: 35/44 MP: 3/3
  1602 | D:3      | HP: 2/44 [something (3)]
  1603 | D:3      | Slain by an orc wizard

Illustrated notes

Levels and vault maps discovered:
D:1:      kennysheep_arrival_seaside, layout_basic, serial_shops, shop,
          lemuel_old_faithful
D:2:      layout_basic, minmay_misc_feat_tower
D:3:      corexii_shack_village, layout_basic, mainiacjoe_overflow_swirl,
          dilly_ecumenical_altar_fadedgnrine, uniq_natasha

Skill      XL: |  1  2  3 |
---------------+----------+-----
Dodging        | 3 |  3.0
Unarmed Combat | 4 |  4.0
Fighting       | |  2.8
Stealth        | |  0.1

Action                   |  1- 3 |  4- 6 || total
-------------------------+-------+-------++-------
Melee: Unarmed           |   109 |    14 ||   123
       Punch             |     1 |       ||     1
Invok: Berserk           |       |     1 ||     1
  Use: Scroll            |       |     2 ||     2
Armor: Animal skin       |    40 |     8 ||    48
Dodge: Dodged            |    56 |     6 ||    62

Table legend: (Time is in decaauts)
 A = Elapsed time spent in this place.
 B = Non-inter-level travel time spent in this place.
 C = Inter-level travel time spent in this place.
 D = Time resting spent in this place.
 E = Time spent auto-exploring this place.
 F = Levels seen in this place.
 G = Mean time per level.
                   A        B        C        D        E       F      G
               +--------+--------+--------+--------+--------+-----+--------+
         Total |   1598 |   1418 |    180 |      0 |   1111 |   3 |  532.7 |
       Dungeon |   1598 |   1418 |    180 |      0 |   1111 |   3 |  532.7 |
               +--------+--------+--------+--------+--------+-----+--------+

Top non-repeatable levels by time:
     D:1: 1027 daAuts
     D:2: 488 daAuts
     D:3: 82 daAuts
